 Dungeon Crawl Stone Soup version 0.28.0 (webtiles) character file.

Game seed: 17416515372395881398

23 jfcaron the Caller (level 2, -2/19 HPs)
             Began as a Barachi Summoner on Feb 6, 2022.
             Succumbed to an adder's poison
             ... on level 2 of the Dungeon.
             The game lasted 00:01:38 (1159 turns).

jfcaron the Caller (Barachi Summoner)               Turns: 1159, Time: 00:01:39

Health: -2/19      AC:  2    Str:  9    XL:     2   Next: 95%
Magic:  2/5        EV: 12    Int: 15    God:
Gold:   10         SH:  0    Dex: 12    Spells: 3/6 levels left

rFire   + . .      SeeInvis .   b - +0 spear
rCold   + . .      Faith    .   (no shield)
rNeg    . . .      Spirit   .   a - +0 robe
rPois   +          Reflect  .   (no helmet)
rElec   +          Harm     .   (no cloak)
rCorr   +          Rampage  .   (no gloves)
Will    .....                   (no boots)
Stlth   ++........              (no amulet)
HPRegen 0.06/turn               (no ring)
MPRegen 0.09/turn               (no ring)

@: lethally poisoned (-2 -> -16), resistant, slow
A: amphibious, slowness 1, strong legs 1, +LOS
a: Hop


You were on level 2 of the Dungeon.
You visited 1 branch of the dungeon, and saw 2 of its levels.

You collected 10 gold pieces.

Inventory:

Hand Weapons
 b - a +0 spear (weapon)
Missiles
 e - 13 sling bullets
 h - 6 curare-tipped darts {!f}
Armour
 a - a +0 robe (worn)
Scrolls
 c - a scroll of teleportation {unknown}
 d - a scroll of identify {unknown}
 g - a scroll of enchant armour {unknown}
 i - a scroll of acquirement {unknown}


   Skills:
 - Level 2.1 Dodging
 - Level 1.7 Stealth
 + Level 2.9 Spellcasting
 + Level 5.3 Summonings


You had 3 spell levels left.
You knew the following spells:

 Your Spells              Type           Power      Damage    Failure   Level
a - Summon Small Mammal   Summ           72%        N/A       2%          1
b - Call Imp              Summ           18%        N/A       3%          2

Your spell library contained the following spells:

 Spells                   Type           Power      Damage    Failure   Level
 Call Canine Familiar     Summ           18%        N/A       7%          3
 Summon Guardian Golem    Hex/Summ       10%        N/A       21%         3
 Ensorcelled Hibernation  Hex/Ice        4%         N/A       30%         2
 Passwall                 Tmut/Erth      1%         N/A       30%         2
 Swiftness                Air            2%         N/A       52%         3
 Summon Lightning Spire   Summ/Air       10%        N/A       54%         4


Dungeon Overview and Level Annotations

Branches:
Dungeon (2/15)

Altars:

Shops:
D:1 *


Innate Abilities, Weirdness & Mutations

You are amphibious.
You cover ground slowly.
You can hop short distances.
You have an extended range of vision and can be seen from far away.


Message History

Unknown command.
You miss the adder.
The adder is severely wounded.
The bat barely misses you. The bat hits your rat. The adder bites you.
Your crimson imp closely misses the adder.
Your rat barely misses the adder.
The adder closely misses you.
You barely miss the adder.
The adder is severely wounded.
The bat hits your rat but does no damage.
The bat barely misses your rat. The bat closely misses your rat.
Your rat misses the adder.
Your crimson imp misses the adder.
Your rat bites the bat.
The adder bites you.
You are poisoned.
The adder poisons you! The bat hits your rat.
You closely miss the adder.
The adder is severely wounded.
You feel sick. The bat closely misses your rat. The adder bites you.
You are lethally poisoned!
The adder poisons you!
Your crimson imp hits the adder.
Your rat closely misses the adder.
Your rat barely misses the bat.
The bat closely misses your rat.
You barely miss the adder.
The adder is almost dead.
You feel very sick. The bat barely misses your rat.
The bat hits your crimson imp but does no damage.
The adder closely misses you.
Your crimson imp closely misses the bat.
Your rat barely misses the adder.
The adder bites you.
* * * LOW HITPOINT WARNING * * *
You are more poisoned.
The adder poisons you!
You hit the adder.
You kill the adder!
* * * LOW HITPOINT WARNING * * *
You feel very sick. The bat barely misses your rat.
It was a potion of resistance.
You feel protected.
You die...

... ....
###...##...
#.........
..#.#... #.#....
#..... #.###....
..
#.....r5###....#
#...@r.......
#######.#####


You could see a friendly crimson imp (summoned) and 2 friendly rats.

Vanquished Creatures
  An adder (D:2)
  A dart slug (D:1)
  2 endoplasms (D:1)
  A giant cockroach (D:1)
  A goblin (D:1)
  A hobgoblin (D:1)
  A kobold (D:1)
  3 frilled lizards (D:1)
  A rat (D:1)
12 creatures vanquished.

Notes
Turn   | Place    | Note
-------+----------+-------------------------------------------
     0 | D:1      | jfcaron the Barachi Summoner began the quest for the Orb.
     0 | D:1      | Reached XP level 1. HP: 13/13 MP: 3/3
    79 | D:1      | Reached skill level 5 in Summonings
   305 | D:1      | Reached XP level 2. HP: 15/19 MP: 3/5
   360 | D:1      | Learned a level 2 spell: Call Imp
   859 | D:1      | Found a faded altar of an unknown god.
   888 | D:1      | Found Cyonuofo's Assorted Antiques.
  1158 | D:2      | HP: 1/19 [poisoned by an adder]
  1159 | D:2      | Succumbed to an adder's poison

Illustrated notes

Levels and vault maps discovered:
D:1:      erik_arrival_blinker_ship, layout_basic, ebering_ecumenical_altar_box,
          serial_shops, nicolae_shop_window_shopping
D:2:      layout_loops_cross, serial_undead, serial_undead_b, serial_undead_f,
          serial_undead_e, serial_undead_e, nrook_mini_backslash,
          minmay_ruptured, uniq_terence

Skill      XL: |  1 |
---------------+----+-----
Summonings     | 5 |  5.3
Dodging        | |  2.1
Stealth        | |  1.7
Spellcasting   | |  2.9

Action                   || total
-------------------------++-------
Melee: Spear             ||    35
 Cast: Summon Small Mamm ||    13
       Call Imp          ||     1
  Use: Potion            ||     1
 Stab: Sleeping          ||     3
Armor: Robe              ||     4
Dodge: Dodged            ||    16
